SL
VANCOUVER GREY WOLVES @ GRAFTON MIDDIES
06/19/2027
 
TOP OF THE 1ST
Vancouver Grey Wolves batting - Pitching for Grafton Middies : RHP Wayne Hurst
Pitching: RHP Wayne Hurst
Batting: LHB Michael Malloy 0-0: Foul Ball, location: 2F
0-1: Swinging Strike
0-2: Ball
1-2: Ball
2-2: Foul Ball, location: 2F
2-2: Foul Ball, location: 2F
2-2: Strikes out swinging
Batting: LHB Aquiles Marmelo 0-0: Swinging Strike
0-1: Ball
1-1: Foul Ball, location: 2F
1-2: Strikes out swinging
Batting: RHB Hank Scorpio 0-0: SINGLE (Line Drive, 89S)
Batting: RHB Pau Arria 0-0: Called Strike
Throwing error on steal attempt, E2
Hank Scorpio to third
0-1: Foul Ball, location: 2F
0-2: Strikes out looking
Top of the 1st over - 0 run(s), 1 hit(s), 1 error(s), 1 left on base; Vancouver 0 - Grafton 0
BOTTOM OF THE 1ST
Grafton Middies batting - Pitching for Vancouver Grey Wolves : RHP Pedro Valdéz
Pitching: RHP Pedro Valdéz
Batting: RHB Pedro Santos 0-0: Ball
1-0: Foul Ball, location: 2F
1-1: Called Strike
1-2: Foul Ball, location: 2F
1-2: Foul Ball, location: 2F
1-2: Foul Ball, location: 2F
1-2: Ball
2-2: Ball
3-2: Base on Balls
Batting: RHB Dave Ash 0-0: Fly out, F8 (Flyball, 89S)
Batting: LHB Mario Ramos 0-0: Fly out, F7 (Flyball, 7)
Batting: RHB Stefano Gaddi 0-0: Ball
1-0: Foul Ball, location: 2F
1-1: Ball
2-1: Fly out, F7 (Flyball, 78D)
Bottom of the 1st over - 0 run(s), 0 hit(s), 0 error(s), 1 left on base; Vancouver 0 - Grafton 0
TOP OF THE 2ND
Vancouver Grey Wolves batting - Pitching for Grafton Middies : RHP Wayne Hurst
Batting: RHB Robert O'Connor 0-0: Ball
1-0: Foul Ball, location: 2F
1-1: Ball
2-1: Ball
3-1: Swinging Strike
3-2: Foul Ball, location: 2F
3-2: SINGLE (Groundball, 56D)
Batting: RHB Brian Williams 0-0: Called Strike
0-1: Swinging Strike
0-2: Ball
1-2: Strikes out swinging
Batting: RHB Frank Grimes 0-0: Swinging Strike
0-1: Foul Ball, location: 2F
0-2: Strikes out swinging
Batting: RHB Logan Namajunas 0-0: Ball
1-0: Ball
2-0: Swinging Strike
2-1: Foul Ball, location: 2F
2-2: Ground out 5-3 (Groundball, 25)
Top of the 2nd over - 0 run(s), 1 hit(s), 0 error(s), 1 left on base; Vancouver 0 - Grafton 0
BOTTOM OF THE 2ND
Grafton Middies batting - Pitching for Vancouver Grey Wolves : RHP Pedro Valdéz
Batting: RHB Scotty Anderson 0-0: SINGLE (Line Drive, 6)
Batting: RHB Wes Bradley 0-0: Called Strike
0-1: Ball
1-1: Foul Ball, location: 2F
1-2: Ball
2-2: Ball
3-2: Strikes out swinging
Batting: SHB Jack MacAsgill 0-0: Called Strike
0-1: Ball
1-1: Ball
2-1: Ball
3-1: Grounds into double play, 4-6-3 (Groundball, 4)
Bottom of the 2nd over - 0 run(s), 1 hit(s), 0 error(s), 0 left on base; Vancouver 0 - Grafton 0
TOP OF THE 3RD
Vancouver Grey Wolves batting - Pitching for Grafton Middies : RHP Wayne Hurst
Batting: RHB Danny Walsh 0-0: Ball
1-0: Ball
2-0: Ball
3-0: Called Strike
3-1: Swinging Strike
3-2: Foul Ball, location: 2F
3-2: Strikes out swinging
Batting: LHB Michael Malloy 0-0: Ball
1-0: Ball
2-0: Ball
3-0: Called Strike
3-1: Called Strike
3-2: Fly out, F8 (Flyball, 8RS)
Batting: LHB Aquiles Marmelo 0-0: Fly out, F2 (Popup, 3S)
Top of the 3rd over - 0 run(s), 0 hit(s), 0 error(s), 0 left on base; Vancouver 0 - Grafton 0
BOTTOM OF THE 3RD
Grafton Middies batting - Pitching for Vancouver Grey Wolves : RHP Pedro Valdéz
Batting: RHB Ramón Gómez 0-0: Ball
1-0: Foul Ball, location: 2F
1-1: Fly out, F6 (Popup, 6S)
Batting: RHB Orlando Reyes 0-0: Fly out, F3 (Popup, 3S)
Batting: RHB Pedro Santos 0-0: Ball
1-0: Ball
2-0: Ball
3-0: Called Strike
3-1: Swinging Strike
3-2: Base on Balls
Batting: RHB Dave Ash 0-0: Called Strike
0-1: Ball
1-1: Swinging Strike
1-2: Strikes out swinging
Bottom of the 3rd over - 0 run(s), 0 hit(s), 0 error(s), 1 left on base; Vancouver 0 - Grafton 0
TOP OF THE 4TH
Vancouver Grey Wolves batting - Pitching for Grafton Middies : RHP Wayne Hurst
Batting: RHB Hank Scorpio 0-0: Ball
1-0: Ground out 4-3 (Groundball, 4MD)
Batting: RHB Pau Arria 0-0: Fly out, F8 (Line Drive, 89M)
Batting: RHB Robert O'Connor 0-0: Ball
1-0: Swinging Strike
1-1: SINGLE (Flyball, 8LS)
Batting: RHB Brian Williams 0-0: Ball
1-0: Ball
2-0: Ball
3-0: Called Strike
3-1: Base on Balls
Robert O'Connor to second
Batting: RHB Frank Grimes 0-0: Ball
1-0: Ball
2-0: SINGLE (Line Drive, 6)
Robert O'Connor to third
Brian Williams to second
Batting: RHB Logan Namajunas 0-0: Ball
1-0: Foul Ball, location: 2F
1-1: Ball
2-1: Ball
3-1: DOUBLE (Line Drive, 3D)
Robert O'Connor scores
Brian Williams scores
Frank Grimes to third
Runner from 3rd tries for Home, throw and OUT!
Top of the 4th over - 2 run(s), 3 hit(s), 0 error(s), 1 left on base; Vancouver 2 - Grafton 0
BOTTOM OF THE 4TH
Grafton Middies batting - Pitching for Vancouver Grey Wolves : RHP Pedro Valdéz
Batting: LHB Mario Ramos 0-0: Ball
1-0: Ball
2-0: SINGLE (Groundball, 56D)
Batting: RHB Stefano Gaddi 0-0: Ball
1-0: Fly out, F4 (Popup, 4D)
Batting: RHB Scotty Anderson 0-0: Called Strike
0-1: Foul Ball, location: 2F
0-2: SINGLE (Line Drive, 78S)
Mario Ramos to second
Batting: RHB Wes Bradley 0-0: Called Strike
0-1: Swinging Strike
0-2: Strikes out swinging
Batting: SHB Jack MacAsgill 0-0: Ball
1-0: Ball
2-0: Foul Ball, location: 2F
2-1: Foul Ball, location: 2F
2-2: Fielders Choice at 2nd, 4-6 (Groundball, 34)
Bottom of the 4th over - 0 run(s), 2 hit(s), 0 error(s), 1 left on base; Vancouver 2 - Grafton 0
TOP OF THE 5TH
Vancouver Grey Wolves batting - Pitching for Grafton Middies : RHP Wayne Hurst
Batting: RHB Danny Walsh 0-0: Ball
1-0: Foul Ball, location: 2F
1-1: Called Strike
1-2: SINGLE (Groundball, 4D)
Batting: LHB Michael Malloy 0-0: Fielders Choice at 2nd, 3-6 (Groundball, 3)
Batting: LHB Aquiles Marmelo 0-0: Ball
1-0: Foul Ball, location: 2F
1-1: Called Strike
1-2: Strikes out looking
Batting: RHB Hank Scorpio 0-0: Called Strike
0-1: Called Strike
0-2: Ground out 5-3 (Groundball, 56S)
Top of the 5th over - 0 run(s), 1 hit(s), 0 error(s), 1 left on base; Vancouver 2 - Grafton 0
BOTTOM OF THE 5TH
Grafton Middies batting - Pitching for Vancouver Grey Wolves : RHP Pedro Valdéz
Batting: RHB Ramón Gómez 0-0: Called Strike
0-1: Ball
1-1: Bunted foul
1-2: Fly out, F8 (Line Drive, 89D)
Batting: RHB Orlando Reyes 0-0: Swinging Strike
0-1: SINGLE (Line Drive, 6MD)
Batting: RHB Pedro Santos 0-0: Ball
1-0: Ball
2-0: Called Strike
2-1: Ball
3-1: Base on Balls
Orlando Reyes to second
Batting: RHB Dave Ash 0-0: Ball
1-0: Ball
2-0: Called Strike
2-1: Foul Ball, location: 2F
2-2: Foul Ball, location: 2F
2-2: Ball
3-2: Foul Ball, location: 2F
3-2: Fielders Choice at 2nd, 4-6 (Groundball, 4)
Orlando Reyes to third
Batting: LHB Mario Ramos 0-0: Ball
1-0: Called Strike
1-1: Called Strike
1-2: Ball
2-2: SINGLE (Line Drive, 4D)
Orlando Reyes scores
Dave Ash to second
Pitching: RHP Bill Ball
Batting: RHB Stefano Gaddi 0-0: Called Strike
0-1: Foul Ball, location: 2F
0-2: Ball
1-2: Ball
2-2: Strikes out looking
Bottom of the 5th over - 1 run(s), 2 hit(s), 0 error(s), 2 left on base; Vancouver 2 - Grafton 1
TOP OF THE 6TH
Vancouver Grey Wolves batting - Pitching for Grafton Middies : RHP Wayne Hurst
Batting: RHB Pau Arria 0-0: Foul Ball, location: 2F
0-1: Called Strike
0-2: Fly out, F9 (Flyball, 9LS)
Batting: RHB Robert O'Connor 0-0: Ball
1-0: Ball
2-0: Called Strike
2-1: Ball
3-1: Called Strike
3-2: SINGLE (Groundball, 4MD)
Batting: RHB Brian Williams 0-0: Grounds into double play, 4-6-3 (Groundball, 4)
Top of the 6th over - 0 run(s), 1 hit(s), 0 error(s), 0 left on base; Vancouver 2 - Grafton 1
BOTTOM OF THE 6TH
Grafton Middies batting - Pitching for Vancouver Grey Wolves : RHP Bill Ball
Batting: RHB Scotty Anderson 0-0: Ball
1-0: Fly out, F6 (Line Drive, 6)
Batting: RHB Wes Bradley 0-0: Foul Ball, location: 2F
0-1: Ball
1-1: Swinging Strike
1-2: Strikes out swinging
Batting: SHB Jack MacAsgill 0-0: Called Strike
0-1: Fly out, F8 (Flyball, 8LD)
Bottom of the 6th over - 0 run(s), 0 hit(s), 0 error(s), 0 left on base; Vancouver 2 - Grafton 1
TOP OF THE 7TH
Vancouver Grey Wolves batting - Pitching for Grafton Middies : RHP Wayne Hurst
Batting: RHB Frank Grimes 0-0: Called Strike
0-1: Ball
1-1: Ball
2-1: Ball
3-1: Foul Ball, location: 2F
3-2: Strikes out swinging
Batting: RHB Logan Namajunas 0-0: Called Strike
0-1: Swinging Strike
0-2: Strikes out swinging
Batting: RHB Danny Walsh 0-0: Foul Ball, location: 2F
0-1: Ball
1-1: Foul Ball, location: 2F
1-2: Ball
2-2: Foul Ball, location: 2F
2-2: Fly out, F9 (Flyball, 9LS)
Top of the 7th over - 0 run(s), 0 hit(s), 0 error(s), 0 left on base; Vancouver 2 - Grafton 1
BOTTOM OF THE 7TH
Grafton Middies batting - Pitching for Vancouver Grey Wolves : RHP Bill Ball
Batting: RHB Ramón Gómez 0-0: Called Strike
0-1: Ball
1-1: Foul Ball, location: 2F
1-2: Ground out 4-3 (Groundball, 4S)
Batting: RHB Orlando Reyes 0-0: Ball
1-0: Ball
2-0: Called Strike
2-1: Swinging Strike
2-2: Ball
3-2: Strikes out looking
Batting: RHB Pedro Santos 0-0: Ball
1-0: Ball
2-0: Ball
3-0: Base on Balls
Batting: RHB Dave Ash 0-0: Ball
Pedro Santos steals 2nd base
1-0: Ground out 1-3 (Groundball, P)
Bottom of the 7th over - 0 run(s), 0 hit(s), 0 error(s), 1 left on base; Vancouver 2 - Grafton 1
TOP OF THE 8TH
Vancouver Grey Wolves batting - Pitching for Grafton Middies : RHP Wayne Hurst
Batting: LHB Michael Malloy 0-0: Ball
1-0: Fly out, F2 (Popup, 2L)
Batting: LHB Aquiles Marmelo 0-0: Foul Ball, location: 2F
0-1: Hit by Pitch
Pitching: RHP Dylan Silva
Batting: RHB Hank Scorpio 0-0: Ball
1-0: Fielders Choice at 2nd, 4-6 (Groundball, 4D)
Batting: RHB Pau Arria 0-0: Swinging Strike
0-1: Fielders Choice at 2nd, 6-4 (Groundball, 6)
Top of the 8th over - 0 run(s), 0 hit(s), 0 error(s), 0 left on base; Vancouver 2 - Grafton 1
BOTTOM OF THE 8TH
Grafton Middies batting - Pitching for Vancouver Grey Wolves : RHP Bill Ball
Pitching: RHP Nelle Liefting
Batting: LHB Mario Ramos 0-0: Foul Ball, location: 2F
0-1: SINGLE (Flyball, 78S)
Pitching: RHP Tyler Rodríguez
Batting: RHB Stefano Gaddi 0-0: Ball
1-0: Called Strike
1-1: Grounds into double play, 6-4-3 (Groundball, 56)
Batting: RHB Scotty Anderson 0-0: Fly out, F5 (Popup, 5D)
Bottom of the 8th over - 0 run(s), 1 hit(s), 0 error(s), 0 left on base; Vancouver 2 - Grafton 1
TOP OF THE 9TH
Vancouver Grey Wolves batting - Pitching for Grafton Middies : RHP Dylan Silva
Batting: RHB Robert O'Connor 0-0: Foul Ball, location: 2F
0-1: Ball
1-1: Called Strike
1-2: Foul Ball, location: 2F
1-2: Ball
2-2: Strikes out looking
Batting: RHB Brian Williams 0-0: Ball
1-0: Fly out, F6 (Popup, 56)
Batting: RHB Frank Grimes 0-0: Ball
1-0: Fly out, F8 (Flyball, 8LD)
Top of the 9th over - 0 run(s), 0 hit(s), 0 error(s), 0 left on base; Vancouver 2 - Grafton 1
BOTTOM OF THE 9TH
Grafton Middies batting - Pitching for Vancouver Grey Wolves : RHP Tyler Rodríguez
Pitching: RHP Alfonso Vera
Batting: RHB Wes Bradley 0-0: Ball
1-0: Ball
2-0: Called Strike
2-1: DOUBLE (Line Drive, 7LS)
Batting: SHB Jack MacAsgill 0-0: Ball
1-0: Ball
2-0: Swinging Strike
2-1: Foul Ball, location: 2F
2-2: Foul Ball, location: 2F
2-2: Strikes out swinging
Batting: RHB Ramón Gómez 0-0: Ball
1-0: Swinging Strike
1-1: Called Strike
1-2: Ball
2-2: Foul Ball, location: 2F
2-2: Strikes out looking
Batting: RHB Orlando Reyes 0-0: Called Strike
0-1: Called Strike
0-2: Strikes out swinging
Bottom of the 9th over - 0 run(s), 1 hit(s), 0 error(s), 1 left on base; Vancouver 2 - Grafton 1
Saturday, May 26th, 2018 - OOTP Baseball 17.12 Build 75